 Dungeon Crawl Stone Soup version 0.26-a0-689-gc93c913f66 (webtiles) character file.

Game seed: 8339249284598151410

154 Kinoniko the Ducker (level 5, -12/35 HPs)
             Began as a Halfling Monk on Oct 23, 2020.
             Killed by divine providence
             ... invoked by an orc priest
              (15 damage)
             ... on level 3 of the Dungeon.
             The game lasted 00:02:42 (2662 turns).

Kinoniko the Ducker (Halfling Monk)                 Turns: 2662, Time: 00:02:43

Health: -12/35     AC:  7    Str: 13    XL:     5   Next: 62%
Magic:  5/5        EV: 16    Int:  8    God:
Gold:   128        SH:  0    Dex: 17    Spells: 4/4 levels left

rFire    . . .     SeeInvis .   a - +0 falchion
rCold    . . .     Faith    .   (shield restricted)
rNeg     . . .     Spirit   .   j - +0 ring mail
rPois    .         Reflect  .   (no helmet)
rElec    .         Harm     .   (no cloak)
rCorr    .         Rampage  .   h - +0 pair of gloves
MR       .....                  g - +0 pair of boots
Stlth    +++.......             (no amulet)
HPRegen  0.11/turn              m - ring of stealth
MPRegen  0.09/turn              (no ring)

@: no status effects
A: small, mutation resistance 1
a: no special abilities


You were on level 3 of the Dungeon.
You visited 1 branch of the dungeon, and saw 3 of its levels.

You collected 128 gold pieces.

Inventory:

Hand Weapons
 a - a +0 falchion (weapon)
Armour
 b - a +0 robe
 g - a +0 pair of boots (worn)
 h - a +0 pair of gloves (worn)
 j - a +0 ring mail (worn)
Jewellery
 m - a ring of stealth (left hand)
Scrolls
 f - 2 scrolls of teleportation
 i - 3 scrolls of remove curse
 n - 2 scrolls of enchant weapon {unknown}
 o - 2 scrolls of identify
Potions
 c - 2 potions of brilliance {unknown}
 d - 4 potions of haste {unknown}
 e - 2 potions of flight {unknown}
 k - a potion of curing {unknown}
 l - a potion of resistance {unknown}
 p - 2 potions of cancellation {unknown}


   Skills:
 - Level 2.6 Fighting
 * Level 4.6 Long Blades
 * Level 5.1 Dodging
 - Level 2.1 Stealth


You had 4 spell levels left.
You didn't know any spells.
Your spell library was empty.

Dungeon Overview and Level Annotations

Branches:
Dungeon (3/15)

Altars:
Ashenzari
Gozag
Hepliaklqana
Kikubaaqudgha
Makhleb
Nemelex Xobeh
Qazlal
Ru
Sif Muna
Uskayaw
The Shining One


Innate Abilities, Weirdness & Mutations

You are small and have problems with some larger weapons.
You are somewhat resistant to further mutation.


Message History

You are too injured to fight recklessly!
Unknown command.
You are too injured to fight recklessly!
You are too injured to fight recklessly!
You hit the goblin.
You kill the goblin!
The orc closely misses you.
There is an open door here.
You see here a +0 club.
The orc priest invokes the aid of Beogh against you.
Beogh smites you!
* * * LOW HITPOINT WARNING * * *
You are too injured to fight recklessly!
You are too injured to fight recklessly!
You are too injured to fight recklessly!
You closely miss the orc wizard. You closely miss the orc.
The orc wizard barely misses you. The orc misses you.
The orc priest calls down the wrath of Beogh upon you.
Beogh smites you!
You die...

... #. #.# ##.# #.#
##...# ##)## #.....#
##.†.## .......
##..†..## .......
##.......##
.>....o##.........####..
......ooo@........'.....
.#...####o........####..
## ##.......## ##.)...##
##.>.## ##'## #.# #.#
##.##


You could see an orc priest, an orc wizard and 3 orcs.

Vanquished Creatures
  A howler monkey (D:3)
  An orc priest (D:3)
  3 adders
  2 worms
  A leopard gecko (D:1)
  2 giant cockroaches
  7 goblins
  8 hobgoblins
  4 jackals (D:3)
  A quokka (D:2)
  7 bats
  5 frilled lizards
  4 kobolds
  4 rats
50 creatures vanquished.

Vanquished Creatures (others)
  2 withered plants (D:3)
2 creatures vanquished.

Grand Total: 52 creatures vanquished

Notes
Turn   | Place    | Note
-------+----------+-------------------------------------------
     0 | D:1      | Kinoniko the Halfling Monk began the quest for the Orb.
     0 | D:1      | Reached XP level 1. HP: 15/15 MP: 1/1
   425 | D:1      | Reached XP level 2. HP: 20/20 MP: 2/2
   816 | D:2      | Found a burning altar of Makhleb.
   816 | D:2      | Found a stormy altar of Qazlal.
   818 | D:2      | Found a shimmering blue altar of Sif Muna.
   818 | D:2      | Found a broken altar of Ashenzari.
   820 | D:2      | Found a sacrificial altar of Ru.
   820 | D:2      | Found a hide-covered altar of Uskayaw.
   823 | D:2      | Found a hazy altar of Hepliaklqana.
   870 | D:2      | Reached XP level 3. HP: 14/25 MP: 3/3
  1169 | D:2      | Reached skill level 4 in Dodging
  1537 | D:2      | Found a glowing golden altar of the Shining One.
  1643 | D:2      | Reached XP level 4. HP: 29/30 MP: 4/4
  2106 | D:3      | Found an opulent altar of Gozag.
  2106 | D:3      | Found a sparkling altar of Nemelex Xobeh.
  2168 | D:3      | Reached XP level 5. HP: 28/35 MP: 5/5
  2333 | D:3      | Found an ancient bone altar of Kikubaaqudgha.
  2653 | D:3      | Reached skill level 5 in Dodging
  2662 | D:3      | Killed from afar by an orc priest

Illustrated notes

Levels and vault maps discovered:
D:1:      wander_arrival_peaceful_grave, layout_basic
D:2:      layout_basic, grunt_temple_overflow_open, overflow_temple_1_default,
          kennysheep_potato
D:3:      layout_loops_corners, grunt_temple_overflow_opulence,
          kiku_gazebo_garden_becter, kennysheep_nub

Skill      XL: |  1  2  3  4  5 |
---------------+----------------+-----
Dodging        | 4 5 |  5.1
Long Blades    | 4 |  4.6
Fighting       | |  2.6
Stealth        | |  2.1

Action                   |  1- 3 |  4- 6 || total
-------------------------+-------+-------++-------
Melee: Falchion          |    83 |    83 ||   166
  Use: Scroll            |     3 |       ||     3
 Stab: Sleeping          |     6 |       ||     6
       Distracted        |       |     1 ||     1
Armor: Robe              |     6 |       ||     6
       Ring mail         |     9 |    22 ||    31
Dodge: Dodged            |    55 |    66 ||   121
       Rpst.: Falchion   |    11 |    17 ||    28

Table legend: (Time is in decaauts)
 A = Elapsed time spent in this place.
 B = Non-inter-level travel time spent in this place.
 C = Inter-level travel time spent in this place.
 D = Time resting spent in this place.
 E = Time spent auto-exploring this place.
 F = Levels seen in this place.
 G = Mean time per level.
                   A        B        C        D        E       F      G
               +--------+--------+--------+--------+--------+-----+--------+
         Total |   2679 |   2646 |     33 |    681 |   1561 |   3 |  893.0 |
       Dungeon |   2679 |   2646 |     33 |    681 |   1561 |   3 |  893.0 |
               +--------+--------+--------+--------+--------+-----+--------+

Top non-repeatable levels by time:
     D:2: 1026 daAuts
     D:3: 849 daAuts
     D:1: 804 daAuts
